 Dungeon Crawl Stone Soup version 0.28.0-53-g5a82cb258f (webtiles) character file.

Game seed: 2564102704035371742

5482 sanboga the Grappler (level 10, -6/133 (153) HPs)
             Began as a Troll Berserker on Aug 4, 2022.
             Was a High Priest of Trog.
             Killed from afar by an electric eel (12 damage)
             ... with a bolt of electricity
             ... on level 8 of the Dungeon on Aug 5, 2022.
             The game lasted 00:10:16 (6685 turns).

sanboga the Grappler (Troll Berserker)              Turns: 6685, Time: 00:10:17

HP:   -6/133 (153)  AC:  6    Str: 37    XL:     10   Next: 42%
MP:   9/9           EV: 11    Int:  3    God:    Trog [*****.]
Gold: 6             SH:  5    Dex:  9    Spells: 9/9 levels left

rFire   . . .      SeeInvis .     - Unarmed
rCold   . . .      Faith    .   (no shield)
rNeg    . . .      Spirit   .   r - +0 troll leather armour
rPois   +          Reflect  +   (helmet restricted)
rElec   .          Harm     .   (no cloak)
rCorr   .          Rampage  .   (gloves unavailable)
Will    .....                   (boots unavailable)
Stlth   ..........              f - amulet of reflection
HPRegen 1.92/turn               (no ring)
MPRegen 0.11/turn               x - ring "Moergh" {rPois Str+6}

@: berserking, heavily drained, very quick
A: large, unfitting armour, claws 3, regeneration 1, shaggy fur 1, tough skin 1
a: Renounce Religion, Berserk, Trog's Hand, Brothers in Arms


You were on level 8 of the Dungeon.
You worshipped Trog.
Trog was extremely pleased with you.
You visited 1 branch of the dungeon, and saw 8 of its levels.

You collected 481 gold pieces.
You spent 475 gold pieces at shops.

Inventory:

Hand Weapons
 C - a +2 long sword of flaming
Armour
 r - a +0 troll leather armour (worn)
Jewellery
 f - an amulet of reflection (around neck)
 p - a ring of fire
 x - the ring "Moergh" (right claw) {rPois Str+6}
   (You bought it in a shop on level 6 of the Dungeon)

   [ring of poison resistance]

   Str:       It affects your strength (+6).
   rPois:     It protects you from poison.
Wands
 a - a wand of iceblast (5)
 q - a wand of paralysis (3)
Scrolls
 e - a scroll of blinking
 j - a scroll of vulnerability {unknown}
 k - 2 scrolls of magic mapping
 n - 2 scrolls of fear
 o - 2 scrolls of teleportation
 w - a scroll of enchant weapon {unknown}
Potions
 b - a potion of resistance {unknown}
 d - 2 potions of attraction {unknown}
 g - a potion of haste
 h - 2 potions of flight {unknown}
 i - a potion of magic {unknown}
 l - a potion of brilliance {unknown}
 m - 3 potions of might
 s - a potion of lignification {unknown}
 t - 2 potions of mutation
 u - 4 potions of curing
 v - a potion of cancellation {unknown}
 z - a potion of degeneration {unknown}
 B - 2 potions of heal wounds {unknown}


   Skills:
 + Level 7.0 Fighting
 + Level 7.0 Dodging
 * Level 11.5 Unarmed Combat


You had 9 spell levels left.
You didn't know any spells.
Your spell library was empty.

Dungeon Overview and Level Annotations

Branches:
Dungeon (8/15)             Temple (0/1) D:5            Lair (0/6) D:8

Altars:
Dithmenos
Elyvilon
Fedhas
Gozag
Kikubaaqudgha
Makhleb
Okawaru
Ru
Sif Muna
Wu Jian
Zin
The Shining One

Shops:
D:4 *   D:6 =


Innate Abilities, Weirdness & Mutations

You are too large for most types of armour.
You have claws for hands.
Your natural rate of healing is unusually fast.
You are covered in fur. (AC +1)
You have tough skin. (AC +1)


Message History

The bolt of electricity hits you!
The helpless electric eel fails to defend itself.
You scratch the electric eel.
The electric eel is moderately wounded.
The helpless electric eel fails to defend itself.
You mangle the electric eel!!
You kill the electric eel!
Trog accepts your kill.
The electric eel shoots out a bolt of lightning at you!
The bolt of electricity hits you!
You enter the shallow water.
Moving in this stuff is going to be slow.
An electric eel comes into view.
The electric eel shoots out a bolt of lightning at you!
The bolt of electricity hits the electric eel.
The electric eel completely resists.
The bolt of electricity hits the electric eel.
The electric eel completely resists.
The bolt of electricity hits you!
The electric eel shoots out a bolt of lightning at you!
The bolt of electricity hits the electric eel.
The electric eel completely resists.
The bolt of electricity hits you.
The electric eel shoots out a bolt of lightning at you!
The bolt of electricity hits you!
* * * LOW HITPOINT WARNING * * *
You miss the electric eel. You closely miss the electric eel.
The electric eel shoots out a bolt of lightning at you!
The bolt of electricity hits the electric eel.
The electric eel completely resists.
The bolt of electricity hits you!
* * * LOW HITPOINT WARNING * * *
The electric eel shoots out a bolt of lightning at you!
The bolt of electricity hits you!
* * * LOW HITPOINT WARNING * * *
You are too berserk!
The electric eel shoots out a bolt of lightning at you!
The bolt of electricity hits you.
* * * LOW HITPOINT WARNING * * *
The electric eel shoots out a bolt of lightning at you!
The bolt of electricity hits you!
You die...

#..# ##.........## #....... ##.##
#.......>...# #.#.....
###..######...........# ..######
......................## #
.....#.................#
....<#######.............########
......# #...........≈.........
......# ##...≈...≈.≈.....h.S..
......## #...@S..≈≈≈.h≈..≈≈.T.
....<..# #....≈≈≈≈≈≈≈≈≈≈≈≈≈S≈.
.......######..≈.≈S≈≈≈..h≈≈≈≈≈≈≈≈
#................≈≈≈..≈...≈≈≈≈...
#.....######...≈≈.≈≈≈...h≈≈h≈≈≈≈.
'....## #....≈≈≈S..>..........
'...## #....≈≈≈≈≈... '..##
#....≈≈≈≈.≈≈≈ #.##


You could see 3 electric eels.

Vanquished Creatures
  A boulder beetle (D:8)
  A troll (D:8)
  A shadow (D:5)
  2 steam dragons
  A water moccasin (D:4)
  Duvessa (D:6)
  3 orc warriors
  An ice beast (D:5)
  4 black bears
  An ogre (D:4)
  A sky beast (D:5)
  2 necrophages (D:5)
  2 centaurs
  2 wolves
  A kobold brigand (D:6)
  2 phantoms
  A wyvern zombie (D:5)
  2 bullfrogs
  2 scorpions
  A water moccasin zombie (D:5)
  Dowan (D:6)
  6 wights
  An electric eel (D:8)
  2 howler monkeys
  A centaur zombie (D:5)
  3 bullfrog zombies
  11 orc priests
  12 hounds
  A jelly (D:5)
  2 centaur skeletons (D:7)
  A human zombie (D:5)
  Terence (D:2)
  3 iguanas
  Natasha (thrice) (D:4)
  2 scorpion zombies (D:5)
  8 orc wizards
  A killer bee zombie (D:5)
  4 mummies
  2 howler monkey zombies
  3 gnolls (D:5)
  7 adders
  2 ufetubi (D:5)
  2 worms (D:4)
  5 dart slugs
  26 orcs
  3 ball pythons
  5 endoplasms
  7 giant cockroaches
  3 goblins
  8 hobgoblins
  11 kobolds
  4 quokkas
  5 bats
  6 frilled lizards (D:2)
  A hobgoblin zombie (D:6)
  A kobold zombie (D:6)
  2 orc zombies (D:6)
  6 rats
204 creatures vanquished.

Vanquished Creatures (others)
  An orc (D:5)
  5 plants (D:2)
6 creatures vanquished.

Grand Total: 210 creatures vanquished

Notes
Turn   | Place    | Note
-------+----------+-------------------------------------------
     0 | D:1      | sanboga the Troll Berserker began the quest for the Orb.
     0 | D:1      | Reached XP level 1. HP: 22/22 MP: 0/0
    84 | D:1      | Reached XP level 2. HP: 29/29 MP: 1/1
   614 | D:2      | Reached ** piety under Trog
   615 | D:2      | Reached XP level 3. HP: 36/36 MP: 2/2
   618 | D:2      | Noticed an eye of devastation
   637 | D:2      | Noticed a great orb of eyes
   638 | D:2      | Found a faded altar of an unknown god.
   640 | D:2      | Noticed a golden eye
   780 | D:2      | Noticed Terence
   786 | D:2      | Killed Terence
   787 | D:2      | Reached skill level 4 in Unarmed Combat
   982 | D:2      | Noticed a floating eye
  1003 | D:2      | Reached XP level 4. HP: 44/44 MP: 3/3
  1449 | D:3      | Reached XP level 5. HP: 50/53 MP: 4/4
  1561 | D:3      | Found a blossoming altar of Fedhas.
  2171 | D:4      | Noticed Natasha
  2180 | D:4      | Killed Natasha
  2180 | D:4      | Reached *** piety under Trog
  2262 | D:4      | Found an ornate altar of the Wu Jian Council.
  2311 | D:4      | Found an opulent altar of Gozag.
  2351 | D:4      | Reached skill level 5 in Unarmed Combat
  2396 | D:4      | Noticed a phantom
  2404 | D:4      | Killed a phantom
  2405 | D:4      | Reached XP level 6. HP: 53/61 MP: 5/5
  2430 | D:4      | Noticed an orc warrior
  2443 | D:4      | Killed an orc warrior
  2450 | D:4      | Reached skill level 6 in Unarmed Combat
  2636 | D:4      | Found a shimmering blue altar of Sif Muna.
  2701 | D:4      | Reached XP level 7. HP: 68/70 MP: 6/6
  2704 | D:4      | Found Luitam's Serpentskin Sales.
  2897 | D:4      | Noticed Natasha
  2901 | D:4      | Killed Natasha
  2933 | D:4      | Noticed Natasha
  2944 | D:4      | Killed Natasha
  3158 | D:5      | Entered Level 5 of the Dungeon
  3174 | D:5      | Reached skill level 7 in Unarmed Combat
  3183 | D:5      | Reached XP level 8. HP: 58/79 MP: 7/7
  3277 | D:5      | Reached skill level 5 in Fighting
  3277 | D:5      | Reached skill level 5 in Dodging
  3277 | D:5      | Reached skill level 8 in Unarmed Combat
  3278 | D:5      | HP: 5/120 [something (6)]
  3312 | D:5      | Reached **** piety under Trog
  3479 | D:5      | Found a staircase to the Ecumenical Temple.
  3784 | D:5      | Found an iron altar of Okawaru.
  3885 | D:5      | Reached skill level 9 in Unarmed Combat
  3885 | D:5      | Reached XP level 9. HP: 88/88 MP: 8/8
  3973 | D:5      | Found an ancient bone altar of Kikubaaqudgha.
  4260 | D:6      | Noticed Dowan
  4262 | D:6      | Noticed Duvessa
  4264 | D:6      | Killed Dowan
  4270 | D:6      | Killed Duvessa
  4633 | D:6      | Found a shadowy altar of Dithmenos.
  4641 | D:6      | Reached skill level 10 in Unarmed Combat
  4702 | D:6      | Found Meticud's One-of-a-Kind Rings.
  4913 | D:6      | Found a sacrificial altar of Ru.
  4971 | D:6      | Reached ***** piety under Trog
  5780 | D:8      | Found a burning altar of Makhleb.
  5808 | D:8      | Reached XP level 10. HP: 100/100 MP: 9/9
  6207 | D:8      | Reached skill level 11 in Unarmed Combat
  6299 | D:6      | Bought the ring "Moergh" {rPois Str+6} for 475 gold pieces
  6348 | D:8      | Found a white marble altar of Elyvilon.
  6348 | D:8      | Found a glowing golden altar of the Shining One.
  6348 | D:8      | Found a glowing silver altar of Zin.
  6443 | D:8      | Noticed a boulder beetle
  6450 | D:8      | Killed a boulder beetle
  6678 | D:8      | Found a staircase to the Lair.
  6685 | D:8      | HP: 6/133 [electric eel/bolt of electricity (3)]
  6685 | D:8      | Killed from afar by an electric eel

Illustrated notes

Levels and vault maps discovered:
D:1:      psy_arrival_whirlpool, layout_rooms, minmay_misc_feat_diagonals
D:2:      layout_loops_ring, hellmonk_ecumenical_altar_watching_god,
          serial_co_window_serial, co_window_paths_b,
          co_window_of_opportunity_a, co_window_of_opportunity_a,
          co_window_paths_a, co_window_corner_a, co_window_2corner,
          co_window_corner_b, co_window_2corner, co_window_2corner,
          glass_columns_c, minmay_lizard_king, uniq_terence
D:3:      layout_basic, nicolae_overflow_crystal_walls
D:4:      layout_basic, kennysheep_mini, mainiacjoe_overflow_paths,
          nicolae_sif_muna_little_library, guppyfry_shop_venom, uniq_natasha
D:5:      cheibrodos_fzero, layout_loops_ring,
          lemuel_mausoleum_altar_kikubaaqudgha, okawaru_ov_weapons_minmay,
          temple_fountains
D:6:      layout_basic, general_overflow_altar, nicolae_dithmenos_the_darkroom,
          grunt_ministairs_9, nicolae_shop_unique_rings, minmay_mini_ossuary,
          uniq_duvessa
D:7:      layout_cave_pools
D:8:      layout_cave_pods, good_gods_mini_temple,
          nicolae_overflow_hidden_temple, erik_lair_island, minmay_microvault

Skill      XL: |  1  2  3  4  5  6  7  8  9 10 |
---------------+-------------------------------+-----
Unarmed Combat | 4 5 6 7 9 10 11 | 11.5
Fighting       | 3 4 5 6 7 |  7.0
Dodging        | 3 4 5 6 7 |  7.0

Action                   |  1- 3 |  4- 6 |  7- 9 | 10-12 || total
-------------------------+-------+-------+-------+-------++-------
Melee: Unarmed           |    91 |   138 |   263 |    60 ||   552
       Punch             |       |     4 |    10 |     8 ||    22
Invok: Berserk           |       |     1 |     4 |     5 ||    10
Evoke: Wand              |       |       |       |     3 ||     3
  Use: Scroll            |       |       |    12 |     1 ||    13
       Potion            |       |       |       |     2 ||     2
 Stab: Sleeping          |     1 |       |       |       ||     1
       Paralysed         |       |       |       |     2 ||     2
Armor: Animal skin       |    34 |    28 |    35 |       ||    97
       Steam dragon scal |       |       |    32 |    15 ||    47
       Troll leather arm |       |       |       |     9 ||     9
Dodge: Dodged            |    65 |    42 |   118 |    60 ||   285
Block: Other             |    12 |    25 |    60 |    22 ||   119
